cohdb
Replays
Latest Replays
All Replays
Popular Replays
Top Player Replays
Match Explorer
How It Works
Community
CoH3 Stats
Reddit
Sign in to upload your games and track your stats! →
Sign in with Steam
Match 41357593
Unlisted
Match 41357593
Overview
Messages
Build Orders
End
Construct Infanterie Kompanie
Selects Terror Battlegroup
Grenadier Squad
Grenadier Squad
Grenadier Squad
Construct Panzergrenadier Kompanie
251 Medium Carrier
Medical Station
Selects Heavy Gunnery
Pak 40 Anti-tank Gun Team
Support Elements
Nebelwerfer 42 Rocket Launcher Team
StuG III G Assault Gun
Panzergrenadier Officer Quarters
Panzergrenadier Squad
Pioneer Squad
Panzergrenadier Squad
StuG III G Assault Gun
Selects Defend the Fatherland
Nebelwerfer 42 Rocket Launcher Team
Mr Freemon
Monseigneur
早濑优香的全家鸡块
concrusher
OUTSKILLED BY CAMO MG42
KirelCD
0
0
Comments
sign in to comment!
No comments posted yet!